[Event "45th FIDE Womens Olympiad 2024"]
[Site "Budapest"]
[Date "2024.09.11"]
[Round "1.23"]
[White "Nassr, Rania"]
[Black "Henry, Zahidu"]
[Result "1-0"]
[ECO "D02"]
[WhiteElo "1866"]
[BlackElo "1450"]
[Annotator "NA"]
[PlyCount "117"]
[EventDate "2024.09.05"]
[EventType "team-tourn"]
[EventCountry "HUN"]
[SourceTitle "playchess.com"]
[Source "ChessBase"]
[SourceQuality "1"]
[WhiteTeam "Algeria"]
[BlackTeam "Dominica"]
[WhiteTeamCountry "ALG"]
[BlackTeamCountry "DMA"]
[TimeControl "40/5400+30:1800+30"]

1. d4 d5 2. Nf3 Nf6 3. g3 g6 4. Bg2 Bg7 5. O-O O-O 6. Nbd2 Nc6 7. e3 Re8 8. Ne5 e6 9. f4 Ne7 10. b3 c6 11. Bb2 Nf5 12. Qe2 Bd7 13. c4 b6 14. g4 Ne7 15. Rac1 Rc8 16. c5 b5 17. g5 Nh5 18. Nxd7 Qxd7 19. Bf3 f6 20. Bxh5 gxh5 21. Qxh5 Ng6 22. Rf3 fxg5 23. Rh3 Bf8 24. Qxg5 Qf7 25. Nf3 Be7 26. Qg2 Bf6 27. Rg3 Rc7 28. Rf1 Kf8 29. Ne5 Nh4 30. Nxf7 Nxg2 31. Nd6 Nxe3 32. Rxe3 Rg7+ 33. Kf2 Bh4+ 34. Kf3 Ree7 35. Re2 Rg8 36. f5 exf5 37. Rxe7 Bxe7 38. Nxf5 Bd8 39. Bc1 Rg6 40. Ke2 Ke8 41. Nd6+ Kd7 42. Rf7+ Ke6 43. Rf3 Rg2+ 44. Rf2 Rxf2+ 45. Kxf2 Bc7 46. Bf4 a5 47. Kf3 Bxd6 48. Bxd6 Kf5 49. Bc7 a4 50. bxa4 bxa4 51. Ke3 h5 52. Kd3 Ke6 53. Kc3 Kf5 54. Kb4 Ke4 55. Be5 Kd3 56. Kxa4 Kc4 57. Ka5 h4 58. a4 h3 59. Kb6 1-0

[Event "45th FIDE Womens Olympiad 2024"]
[Site "Budapest"]
[Date "2024.09.11"]
[Round "1.24"]
[White "Doluhanova, Evgeniya"]
[Black "Sezdbekova, Aizhan"]
[Result "1-0"]
[ECO "D32"]
[WhiteElo "2304"]
[BlackElo "1799"]
[Annotator "ChessBase"]
[PlyCount "91"]
[EventDate "2024.09.05"]
[EventType "team-tourn"]
[EventCountry "HUN"]
[SourceTitle "playchess.com"]
[Source "ChessBase"]
[SourceQuality "1"]
[WhiteTeam "Ukraine"]
[BlackTeam "Kyrgyzstan"]
[WhiteTeamCountry "UKR"]
[BlackTeamCountry "KGZ"]
[TimeControl "40/5400+30:1800+30"]

1. Nf3 Nf6 2. e3 d5 3. c4 e6 4. Nc3 c5 5. cxd5 exd5 6. d4 Nc6 7. Be2 cxd4 8. Nxd4 Bc5 9. O-O O-O 10. Nxc6 bxc6 11. b3 Qe7 12. Qc2 Bd7 13. Bb2 Rac8 14. Bd3 Bd6 15. Rfe1 Rfe8 16. h3 h6 17. Bf1 Qe5 18. g3 Qh5 19. Qd1 Qg6 20. Bg2 Bf5 21. Rc1 Bb8 22. Ne2 Ne4 23. Nf4 Bxf4 24. exf4 Qd6 25. g4 Bh7 26. Qd4 Nf6 27. Rxe8+ Rxe8 28. f5 Re7 29. Bf3 Ne8 30. Kg2 f6 31. Rxc6 Qxc6 32. Bxd5+ Qxd5+ 33. Qxd5+ Kh8 34. Qd8 Re2 35. Bd4 Bg8 36. Be3 Bf7 37. a4 Kh7 38. a5 g6 39. fxg6+ Bxg6 40. b4 a6 41. Kf3 Rb2 42. Qe7+ Ng7 43. h4 h5 44. g5 fxg5 45. Bd4 Rb3+ 46. Kg2 1-0

[Event "45th FIDE Womens Olympiad 2024"]
[Site "Budapest"]
[Date "2024.09.11"]
[Round "1.25"]
[White "Fataliyeva, Ulviyya"]
[Black "Granados Ortiz, Maria Jose"]
[Result "1-0"]
[ECO "D02"]
[WhiteElo "2378"]
[BlackElo "1935"]
[Annotator "TA"]
[PlyCount "35"]
[EventDate "2024.09.05"]
[EventType "team-tourn"]
[EventCountry "HUN"]
[SourceTitle "playchess.com"]
[Source "ChessBase"]
[SourceQuality "1"]
[WhiteTeam "Azerbaijan"]
[BlackTeam "Nicaragua"]
[WhiteTeamCountry "AZE"]
[BlackTeamCountry "NCA"]
[TimeControl "40/5400+30:1800+30"]

1. d4 d5 2. Bf4 Bf5 3. Nc3 e6 4. Nf3 Nf6 5. e3 Bd6 6. Ne5 O-O 7. g4 Bg6 {[%emt 0:13:04] [#]} (7... Bxe5 $14 8. dxe5 Nxg4 (8... Bxg4 $2 {too greedy.} 9. f3 $18)) 8. h4 $1 $16 {[%emt 0:01:22] h5 would now be deadly. White is more active. White is better.} Ne4 9. Nxe4 Bxe4 10. f3 f6 11. fxe4 fxe5 12. dxe5 Be7 13. g5 {[%emt 0:02:08] Qh5 is the strong threat.} c6 (13... d4 $16 {keeps fighting.}) 14. Qg4 Qd7 (14... Nd7 15. O-O-O (15. Qxe6+ Kh8 $18) 15... Nc5) 15. O-O-O $18 Bc5 16. Bd3 ({Don't play} 16. Bh3 Re8 17. Rhf1 Na6 $18) 16... Qe7 $2 (16... Qe8 17. Rhf1 Na6 18. exd5 cxd5) 17. exd5 {[%emt 0:01:21][%cal Od3h7] Bxh7+! would kill now.} cxd5 {[%emt 0:08:39] [#]} 18. Bxh7+ $1 {[%emt 0:00:33][%mdl 512] White took control after the opening.   Weighted Error Value: White=0.11 (very precise) /Black=1.03.  Mistake:       	---       	Black=4      Inaccurate:     	---       	Black=2      OK:         	White=3     	Black=3      Best:        	White=4     	Black=1      Strong:       	White=1     	---} 1-0

[Event "45th FIDE Womens Olympiad 2024"]
[Site "Budapest"]
[Date "2024.09.11"]
[Round "1.26"]
[White "Martinez Orozco, Cristiana Yorlene"]
[Black "Beydullayeva, Govhar"]
[Result "0-1"]
[ECO "D46"]
[WhiteElo "1761"]
[BlackElo "2395"]
[Annotator "ChessBase"]
[PlyCount "62"]
[EventDate "2024.09.05"]
[EventType "team-tourn"]
[EventCountry "HUN"]
[SourceTitle "playchess.com"]
[Source "ChessBase"]
[SourceQuality "1"]
[WhiteTeam "Nicaragua"]
[BlackTeam "Azerbaijan"]
[WhiteTeamCountry "NCA"]
[BlackTeamCountry "AZE"]
[TimeControl "40/5400+30:1800+30"]

1. d4 Nf6 2. c4 e6 3. Nf3 d5 4. Nc3 c6 5. e3 Nbd7 6. Qc2 Bd6 7. Bd3 O-O 8. O-O dxc4 9. Bxc4 b5 10. Be2 Bb7 11. a3 Re8 12. Rd1 Qe7 13. Bd2 a6 14. Rac1 e5 15. Be1 e4 16. Nd2 c5 17. dxc5 Nxc5 18. Nf1 Rac8 19. b4 Ncd7 20. Qb3 Ne5 21. Ng3 g6 22. a4 Nd3 23. Bxd3 exd3 24. axb5 axb5 25. Bd2 h5 26. f3 h4 27. Nf1 h3 28. Re1 hxg2 29. Kxg2 Rxc3 30. Rxc3 Ne4 31. fxe4 Qxe4+ 0-1

[Event "45th FIDE Womens Olympiad 2024"]
[Site "Budapest"]
[Date "2024.09.11"]
[Round "1.27"]
[White "Balajayeva, Khanim"]
[Black "Cabezas Calero, Abigail Carolina"]
[Result "1-0"]
[ECO "C11"]
[WhiteElo "2384"]
[BlackElo "1824"]
[Annotator "ChessBase"]
[PlyCount "67"]
[EventDate "2024.09.05"]
[EventType "team-tourn"]
[EventCountry "HUN"]
[SourceTitle "playchess.com"]
[Source "ChessBase"]
[SourceQuality "1"]
[WhiteTeam "Azerbaijan"]
[BlackTeam "Nicaragua"]
[WhiteTeamCountry "AZE"]
[BlackTeamCountry "NCA"]
[TimeControl "40/5400+30:1800+30"]

1. e4 e6 2. d4 d5 3. Nc3 Nf6 4. e5 Nfd7 5. f4 a6 6. Nf3 c5 7. Be3 Nc6 8. Ne2 Be7 9. c3 b5 10. h4 Bb7 11. h5 cxd4 12. Nexd4 Bc5 13. Nxc6 Bxc6 14. Nd4 Bxd4 15. Bxd4 Qe7 16. Qg4 f6 17. h6 fxe5 18. hxg7 Rg8 19. Rh6 Nf6 20. Rxf6 Qxf6 21. Bxe5 Qg6 22. Qh3 Qe4+ 23. Kf2 Qc2+ 24. Kg1 Qf5 25. Qe3 Qf7 26. Bd3 Bd7 27. Qd4 Qh5 28. Rf1 Rc8 29. Rf3 Rc4 30. Bxc4 bxc4 31. f5 Qg5 32. Bf6 Qc1+ 33. Rf1 Qc2 34. Qc5 1-0

[Event "45th FIDE Womens Olympiad 2024"]
[Site "Budapest"]
[Date "2024.09.11"]
[Round "1.28"]
[White "Munoz Cortez, Anahi Alexandra"]
[Black "Mammadova, Gulnar"]
[Result "0-1"]
[ECO "C58"]
[WhiteElo "1868"]
[BlackElo "2336"]
[Annotator "ChessBase"]
[PlyCount "54"]
[EventDate "2024.09.05"]
[EventType "team-tourn"]
[EventCountry "HUN"]
[SourceTitle "playchess.com"]
[Source "ChessBase"]
[SourceQuality "1"]
[WhiteTeam "Nicaragua"]
[BlackTeam "Azerbaijan"]
[WhiteTeamCountry "NCA"]
[BlackTeamCountry "AZE"]
[TimeControl "40/5400+30:1800+30"]

1. e4 e5 2. Nf3 Nc6 3. Bc4 Nf6 4. Ng5 d5 5. exd5 Na5 6. Bb5+ c6 7. dxc6 bxc6 8. Qf3 cxb5 9. Qxa8 Be7 10. O-O h6 11. Ne4 Qd7 12. Nxf6+ gxf6 13. Qe4 Rg8 14. f3 Bc5+ 15. Kh1 Rxg2 16. Qh4 Rg4 17. Qxh6 Qf5 18. d4 Bb7 19. Nd2 Bxd4 20. h3 Rg6 21. Qh4 Qxc2 22. Rb1 Bxf3+ 23. Rxf3 Qd1+ 24. Rf1 Rg1+ 25. Kh2 Qe2+ 26. Rf2 Bxf2 27. Qe4 Be3+ 0-1

[Event "45th FIDE Womens Olympiad 2024"]
[Site "Budapest"]
[Date "2024.09.11"]
[Round "1.29"]
[White "Fuad Kamel Jamaliah, Natalie"]
[Black "Tokhirjonova, Gulrukhbegim"]
[Result "0-1"]
[ECO "D02"]
[WhiteElo "2003"]
[BlackElo "2380"]
[Annotator "ChessBase"]
[PlyCount "114"]
[EventDate "2024.09.05"]
[EventType "team-tourn"]
[EventCountry "HUN"]
[SourceTitle "playchess.com"]
[Source "ChessBase"]
[SourceQuality "1"]
[WhiteTeam "Jordan"]
[BlackTeam "United States of America"]
[WhiteTeamCountry "JOR"]
[BlackTeamCountry "USA"]
[TimeControl "40/5400+30:1800+30"]

1. d4 d5 2. Bf4 Nf6 3. e3 e6 4. Nf3 c5 5. c3 Nc6 6. Nbd2 Nh5 7. Bg3 Nxg3 8. hxg3 Bd6 9. Qc2 h6 10. O-O-O cxd4 11. exd4 Bd7 12. Kb1 Rc8 13. Re1 Be7 14. Bb5 Qb6 15. Bxc6 bxc6 16. Ne5 c5 17. Nxd7 Kxd7 18. Nf3 Bf6 19. dxc5 Rxc5 20. Ne5+ Ke7 21. Qb3 Rb8 22. Qxb6 Rxb6 23. Ka1 d4 24. Nd3 Rc7 25. cxd4 Bxd4 26. Re2 Rd7 27. Kb1 Rb5 28. Rc1 a5 29. Rec2 e5 30. Nc5 Rc7 31. Ne4 Rcb7 32. Rc7+ Rxc7 33. Rxc7+ Ke6 34. Rc2 f5 35. Nc3 Rc5 36. Nd1 Rd5 37. a3 e4 38. Re2 g5 39. g4 fxg4 40. Rxe4+ Kf5 41. Re8 h5 42. Kc2 Kg6 43. Re4 Rd7 44. Re6+ Kf5 45. Ra6 Ra7 46. Rd6 Be5 47. Rd8 Rc7+ 48. Kd3 Rb7 49. Kc2 Ke6 50. Rg8 Bf6 51. Ra8 h4 52. Ra6+ Kf7 53. Ne3 h3 54. gxh3 gxh3 55. Ng4 Bg7 56. Rxa5 Rxb2+ 57. Kc1 Kg6 0-1

[Event "45th FIDE Womens Olympiad 2024"]
[Site "Budapest"]
[Date "2024.09.11"]
[Round "1.30"]
[White "Yip, Carissa"]
[Black "Serina Arafat"]
[Result "1-0"]
[ECO "A14"]
[WhiteElo "2386"]
[BlackElo "1552"]
[Annotator "ChessBase"]
[PlyCount "43"]
[EventDate "2024.09.05"]
[EventType "team-tourn"]
[EventCountry "HUN"]
[SourceTitle "playchess.com"]
[Source "ChessBase"]
[SourceQuality "1"]
[WhiteTeam "United States of America"]
[BlackTeam "Jordan"]
[WhiteTeamCountry "USA"]
[BlackTeamCountry "JOR"]
[TimeControl "40/5400+30:1800+30"]

1. Nf3 d5 2. g3 Nf6 3. Bg2 e6 4. O-O Be7 5. c4 b6 6. Qa4+ Qd7 7. Qc2 Bb7 8. Ne5 Qd8 9. d4 O-O 10. Rd1 Nbd7 11. cxd5 exd5 12. Nc3 c6 13. Qf5 Nxe5 14. dxe5 Nd7 15. e4 Bc8 16. exd5 Nc5 17. Qh5 Qd7 18. dxc6 Qc7 19. Nd5 Qd8 20. Nf6+ Bxf6 21. Rxd8 Rxd8 22. c7 1-0

[Event "45th FIDE Womens Olympiad 2024"]
[Site "Budapest"]
[Date "2024.09.11"]
[Round "1.31"]
[White "Jeda Helal"]
[Black "Krush, Irina"]
[Result "0-1"]
[ECO "B41"]
[WhiteElo "1569"]
[BlackElo "2396"]
[Annotator "ChessBase"]
[PlyCount "70"]
[EventDate "2024.09.05"]
[EventType "team-tourn"]
[EventCountry "HUN"]
[SourceTitle "playchess.com"]
[Source "ChessBase"]
[SourceQuality "1"]
[WhiteTeam "Jordan"]
[BlackTeam "United States of America"]
[WhiteTeamCountry "JOR"]
[BlackTeamCountry "USA"]
[TimeControl "40/5400+30:1800+30"]

1. e4 c5 2. Nf3 e6 3. d4 cxd4 4. Nxd4 a6 5. c4 Nf6 6. Nc3 Qc7 7. Bd2 Nc6 8. Be3 Bb4 9. Bd3 Nxd4 10. Bxd4 e5 11. Be3 Bxc3+ 12. bxc3 d6 13. f3 O-O 14. Rb1 Be6 15. Qd2 Bxc4 16. Bxc4 Qxc4 17. Rxb7 d5 18. Rb4 Qc6 19. Rb6 Qd7 20. Qf2 Rab8 21. O-O Rxb6 22. Bxb6 dxe4 23. fxe4 Nxe4 24. Qe3 Qd5 25. Re1 f5 26. g4 Nd2 27. c4 Nxc4 28. Qc5 Qe6 29. Ba5 Rc8 30. Qb4 Qd5 31. Bb6 Nd2 32. Re3 Rc1+ 33. Kf2 f4 34. Re1 Qf3+ 35. Kg1 Rxe1# 0-1

[Event "45th FIDE Womens Olympiad 2024"]
[Site "Budapest"]
[Date "2024.09.11"]
[Round "1.32"]
[White "Zatonskih, Anna"]
[Black "Ruba Al-Qudah"]
[Result "1-0"]
[ECO "B38"]
[WhiteElo "2320"]
[BlackElo "1937"]
[Annotator "ChessBase"]
[PlyCount "91"]
[EventDate "2024.09.05"]
[EventType "team-tourn"]
[EventCountry "HUN"]
[SourceTitle "playchess.com"]
[Source "ChessBase"]
[SourceQuality "1"]
[WhiteTeam "United States of America"]
[BlackTeam "Jordan"]
[WhiteTeamCountry "USA"]
[BlackTeamCountry "JOR"]
[TimeControl "40/5400+30:1800+30"]

1. d4 Nf6 2. c4 g6 3. Nc3 Bg7 4. e4 d6 5. Nf3 O-O 6. Be2 c5 7. O-O cxd4 8. Nxd4 Nc6 9. Be3 Bd7 10. Qd2 Rc8 11. f3 Ne5 12. b3 a6 13. Rac1 Ne8 14. Nd5 Nc6 15. Nc2 Be6 16. Rfe1 f5 17. exf5 Bxf5 18. Bf1 e6 19. Bg5 Nf6 20. Nxf6+ Bxf6 21. Bxf6 Rxf6 22. Bd3 Bxd3 23. Qxd3 Ne5 24. Qd4 Qf8 25. Rcd1 Rxf3 26. Qxd6 Qxd6 27. Rxd6 Rc3 28. Nb4 a5 29. Rxe6 axb4 30. R6xe5 Rc2 31. Re8+ Rxe8 32. Rxe8+ Kf7 33. Rb8 Rxa2 34. Rxb7+ Kf6 35. Rxb4 Ke5 36. h3 g5 37. Kh2 h5 38. Rb8 Rc2 39. Rb5+ Kf4 40. c5 g4 41. hxg4 hxg4 42. Rb4+ Kg5 43. Rc4 Rd2 44. c6 Rd8 45. c7 Rc8 46. b4 1-0

[Event "45th FIDE Womens Olympiad 2024"]
[Site "Budapest"]
[Date "2024.09.11"]
[Round "1.33"]
[White "Wagner, Dinara"]
[Black "Henderson de La Fuente, Andrea"]
[Result "1-0"]
[ECO "A55"]
[WhiteElo "2452"]
[BlackElo "1986"]
[Annotator "TA"]
[PlyCount "77"]
[EventDate "2024.09.05"]
[EventType "team-tourn"]
[EventCountry "HUN"]
[SourceTitle "playchess.com"]
[Source "ChessBase"]
[SourceQuality "1"]
[WhiteTeam "Germany"]
[BlackTeam "Andorra"]
[WhiteTeamCountry "GER"]
[BlackTeamCountry "AND"]
[TimeControl "40/5400+30:1800+30"]

1. d4 Nf6 2. c4 d6 3. Nf3 Nbd7 4. Nc3 e5 5. g3 Be7 6. Bg2 c6 7. e4 O-O 8. O-O Re8 9. h3 exd4 10. Nxd4 Nc5 11. Re1 Ne6 {White is slightly better.} 12. Be3 Bf8 13. Qd2 {White has more active pieces.} g6 14. Rad1 Qc7 15. f4 Nc5 16. Bf2 a5 17. g4 Nfd7 18. Nf3 a4 19. Qc2 Qa5 20. Nd4 Bg7 21. g5 (21. a3 $14) 21... Qb4 (21... h6 $11) 22. Bf1 a3 23. b3 Nf8 24. Bg2 (24. f5 $16) 24... Nfe6 $14 25. Nxe6 Nxe6 26. Ne2 h6 27. h4 hxg5 28. hxg5 Rd8 (28... Rb8 $14) 29. Bf3 (29. Rf1 $16) 29... Bd7 ({Black should try} 29... b5 $14) 30. Qd2 Qxd2 31. Rxd2 Bf8 32. Red1 Be8 (32... Re8 $16 {was called for.} 33. Rc2 Be7) 33. Be3 $18 Be7 34. Nc3 Rdc8 (34... f5 $16 35. gxf6 Bxf6) 35. Kf2 Kf8 (35... Bd8 {was necessary.} 36. Rxd6 Be7) 36. Kg3 Ra6 $2 {[#]} (36... f6 37. gxf6 Bxf6) 37. Rh2 {White is clearly winning.} f6 38. Bg4 Bf7 39. Rh8+ {Weighted Error Value: White=0.16 (very precise) /Black=0.39.  Mistake:       	White=3     	Black=7      Inaccurate:     	White=1     	Black=4      OK:         	White=9     	Black=8      Best:        	---       	Black=1} 1-0

[Event "45th FIDE Womens Olympiad 2024"]
[Site "Budapest"]
[Date "2024.09.11"]
[Round "1.34"]
[White "De la Riva Real, Ariadna"]
[Black "Heinemann, Josefine"]
[Result "0-1"]
[ECO "B51"]
[WhiteElo "1823"]
[BlackElo "2316"]
[Annotator "ChessBase"]
[PlyCount "82"]
[EventDate "2024.09.05"]
[EventType "team-tourn"]
[EventCountry "HUN"]
[SourceTitle "playchess.com"]
[Source "ChessBase"]
[SourceQuality "1"]
[WhiteTeam "Andorra"]
[BlackTeam "Germany"]
[WhiteTeamCountry "AND"]
[BlackTeamCountry "GER"]
[TimeControl "40/5400+30:1800+30"]

1. e4 c5 2. Nf3 d6 3. Bb5+ Nd7 4. O-O a6 5. Be2 Ngf6 6. d3 g6 7. c4 b6 8. Nc3 Bb7 9. Re1 Bg7 10. Bf1 O-O 11. d4 cxd4 12. Nxd4 Rc8 13. a4 Nc5 14. f3 Nfd7 15. Be3 Ne5 16. f4 Ned7 17. Bf2 Nf6 18. Qc2 Ng4 19. Rad1 Nxf2 20. Qxf2 Qe8 21. Qc2 Ne6 22. e5 Nxd4 23. Rxd4 Rd8 24. Rd2 dxe5 25. fxe5 Qc6 26. b4 e6 27. Kh1 Qc7 28. Rxd8 Rxd8 29. Qe2 h5 30. Nd1 Bh6 31. Qb2 Rd2 32. Qc3 Qc6 33. Qg3 Qxa4 34. Nc3 Qxb4 35. Rb1 Qa5 36. Ne2 Qc5 37. Nf4 Qxe5 38. Nxh5 Qxg3 39. Nxg3 Be3 40. Rb3 Bc5 41. Rd3 Bxg2+ 0-1

[Event "45th FIDE Womens Olympiad 2024"]
[Site "Budapest"]
[Date "2024.09.11"]
[Round "1.35"]
[White "Klek, Hanna Marie"]
[Black "Muratet Carmona, Julia"]
[Result "1-0"]
[ECO "C41"]
[WhiteElo "2296"]
[BlackElo "1816"]
[Annotator "ChessBase"]
[PlyCount "109"]
[EventDate "2024.09.05"]
[EventType "team-tourn"]
[EventCountry "HUN"]
[SourceTitle "playchess.com"]
[Source "ChessBase"]
[SourceQuality "1"]
[WhiteTeam "Germany"]
[BlackTeam "Andorra"]
[WhiteTeamCountry "GER"]
[BlackTeamCountry "AND"]
[TimeControl "40/5400+30:1800+30"]

1. e4 d6 2. d4 Nf6 3. Nc3 Nbd7 4. Nf3 e5 5. Bc4 Be7 6. O-O c6 7. a4 Qc7 8. Re1 h6 9. a5 g5 10. d5 Nf8 11. Nd2 Ng6 12. Nf1 Nf4 13. Ne3 h5 14. b3 h4 15. Bf1 g4 16. a6 Rg8 17. axb7 Bxb7 18. dxc6 Bxc6 19. Nf5 Bd7 20. Nb5 Bxb5 21. Bxb5+ Kf8 22. g3 hxg3 23. hxg3 Qc5 24. Bf1 Nh3+ 25. Bxh3 gxh3 26. Be3 Qc7 27. Ra6 Ng4 28. Qd5 Re8 29. Rxa7 Qxc2 30. Ra8 h2+ 31. Kg2 Nxe3+ 32. Nxe3 Qc3 33. Rh1 Rh8 34. Rxe8+ Kxe8 35. Qb5+ Kd8 36. Nd5 Qc8 37. Rxh2 Rxh2+ 38. Kxh2 Bg5 39. Qd3 Qe6 40. Kg2 Qd7 41. b4 Ke8 42. b5 Bd8 43. Qc4 Qb7 44. Qc6+ Qxc6 45. bxc6 Ba5 46. Kf3 Kd8 47. Ke2 Kc8 48. g4 Bd8 49. Kd3 Bh4 50. f3 Bd8 51. Kc4 Kb8 52. Ne3 Be7 53. Kd5 Kc7 54. Nf5 Bf8 55. g5 1-0

[Event "45th FIDE Womens Olympiad 2024"]
[Site "Budapest"]
[Date "2024.09.11"]
[Round "1.36"]
[White "Muratet Carmona, Alexandra"]
[Black "Schulze, Lara"]
[Result "0-1"]
[ECO "B67"]
[WhiteElo "1796"]
[BlackElo "2283"]
[Annotator "ChessBase"]
[PlyCount "54"]
[EventDate "2024.09.05"]
[EventType "team-tourn"]
[EventCountry "HUN"]
[SourceTitle "playchess.com"]
[Source "ChessBase"]
[SourceQuality "1"]
[WhiteTeam "Andorra"]
[BlackTeam "Germany"]
[WhiteTeamCountry "AND"]
[BlackTeamCountry "GER"]
[TimeControl "40/5400+30:1800+30"]

1. e4 c5 2. Nf3 d6 3. d4 cxd4 4. Nxd4 Nf6 5. Nc3 Nc6 6. Bg5 e6 7. Qd2 a6 8. O-O-O Bd7 9. Kb1 Nxd4 10. Qxd4 Be7 11. f4 Bc6 12. Rg1 Qa5 13. g4 h6 14. Bh4 g5 15. fxg5 hxg5 16. Be1 Qe5 17. Qxe5 dxe5 18. Bd3 Bc5 19. Rg2 Be3 20. Bd2 Bf4 21. Rf1 Rd8 22. Bc1 Rh4 23. Rgf2 Nxg4 24. Re2 Ke7 25. Nd1 Nxh2 26. Rff2 Ng4 27. Rg2 Rh1 0-1

[Event "45th FIDE Womens Olympiad 2024"]
[Site "Budapest"]
[Date "2024.09.11"]
[Round "1.37"]
[White "Marape, Naledi"]
[Black "Garcia Martin, Marta"]
[Result "0-1"]
[ECO "B32"]
[WhiteElo "1926"]
[BlackElo "2318"]
[Annotator "ChessBase"]
[PlyCount "46"]
[EventDate "2024.09.05"]
[EventType "team-tourn"]
[EventCountry "HUN"]
[SourceTitle "playchess.com"]
[Source "ChessBase"]
[SourceQuality "1"]
[WhiteTeam "Botswana"]
[BlackTeam "Spain"]
[WhiteTeamCountry "BOT"]
[BlackTeamCountry "ESP"]
[TimeControl "40/5400+30:1800+30"]

1. e4 c5 2. Nf3 Nc6 3. d4 cxd4 4. Nxd4 Qb6 5. Nb3 e6 6. Be3 Qc7 7. Be2 Nf6 8. f3 d5 9. N1d2 Bd6 10. g3 h5 11. f4 e5 12. exd5 exf4 13. Bxf4 Bxf4 14. gxf4 Nxd5 15. Nc4 Nxf4 16. Qd6 Qxd6 17. Nxd6+ Ke7 18. Nxc8+ Raxc8 19. c3 Rh6 20. Kf2 Rf6 21. Ke3 Ng2+ 22. Kd3 Rd8+ 23. Ke4 Rf4# 0-1

[Event "45th FIDE Womens Olympiad 2024"]
[Site "Budapest"]
[Date "2024.09.11"]
[Round "1.38"]
[White "Vega Gutierrez, Sabrina"]
[Black "Gabatshwarwe Refilwe"]
[Result "1-0"]
[ECO "C47"]
[WhiteElo "2374"]
[BlackElo "1787"]
[Annotator "ChessBase"]
[PlyCount "75"]
[EventDate "2024.09.05"]
[EventType "team-tourn"]
[EventCountry "HUN"]
[SourceTitle "playchess.com"]
[Source "ChessBase"]
[SourceQuality "1"]
[WhiteTeam "Spain"]
[BlackTeam "Botswana"]
[WhiteTeamCountry "ESP"]
[BlackTeamCountry "BOT"]
[TimeControl "40/5400+30:1800+30"]

1. e4 e5 2. Nf3 Nc6 3. Nc3 Nf6 4. g3 Bc5 5. Bg2 d6 6. d3 h6 7. O-O Be6 8. h3 Qd7 9. Kh2 g5 10. Nd2 O-O-O 11. Nd5 Bxd5 12. exd5 Ne7 13. c4 Rdg8 14. Rb1 h5 15. b4 Bd4 16. Ne4 Nxe4 17. dxe4 f5 18. exf5 Nxf5 19. Be4 Ne7 20. Be3 Bxe3 21. fxe3 Rf8 22. Rb2 Rxf1 23. Qxf1 Kb8 24. c5 c6 25. dxc6 Nxc6 26. b5 Na5 27. Qd3 Rd8 28. c6 Qc7 29. Bd5 b6 30. Rf2 Rc8 31. Rf7 Qd8 32. Qf5 a6 33. Be6 Nxc6 34. bxc6 h4 35. Bxc8 hxg3+ 36. Kxg3 Qh8 37. Qd7 Qh4+ 38. Kh2 1-0

[Event "45th FIDE Womens Olympiad 2024"]
[Site "Budapest"]
[Date "2024.09.11"]
[Round "1.39"]
[White "Banda Natalie Katlo"]
[Black "Matnadze Bujiashvili, Ann"]
[Result "0-1"]
[ECO "D94"]
[WhiteElo "1893"]
[BlackElo "2338"]
[Annotator "ChessBase"]
[PlyCount "188"]
[EventDate "2024.09.05"]
[EventType "team-tourn"]
[EventCountry "HUN"]
[SourceTitle "playchess.com"]
[Source "ChessBase"]
[SourceQuality "1"]
[WhiteTeam "Botswana"]
[BlackTeam "Spain"]
[WhiteTeamCountry "BOT"]
[BlackTeamCountry "ESP"]
[TimeControl "40/5400+30:1800+30"]

1. d4 Nf6 2. Nf3 c6 3. c4 g6 4. Nc3 d5 5. e3 Bg7 6. Bd3 O-O 7. b3 c5 8. Bb2 cxd4 9. exd4 Nc6 10. h3 dxc4 11. Bxc4 Nb4 12. O-O a6 13. Qd2 b5 14. Be2 Nbd5 15. Nxd5 Nxd5 16. Rac1 Bb7 17. Ne5 Qd6 18. Bf3 Rfd8 19. Rfd1 a5 20. Bc3 f6 21. Nd3 Nxc3 22. Bxb7 Nxd1 23. Bxa8 Rxa8 24. Rxd1 Qxd4 25. Qe2 Kf7 26. Nb2 Qe5 27. Qxe5 fxe5 28. Rd5 e4 29. Nd1 Rb8 30. Ne3 Ke6 31. Kf1 a4 32. Ke2 Bc3 33. Rc5 Bd4 34. Rc6+ Kd7 35. Ra6 axb3 36. axb3 Rc8 37. Ra5 Bxe3 38. Kxe3 Rc3+ 39. Kxe4 Rxb3 40. Ra7+ Ke6 41. Ra6+ Kf7 42. Rb6 Rb2 43. Ke3 b4 44. g3 Ke8 45. Kf3 Kd7 46. Ke3 Rb1 47. Kd2 Rb2+ 48. Kc1 Rxf2 49. Rxb4 Ke6 50. Re4+ Kd6 51. Rh4 h5 52. Rd4+ Ke5 53. Rd3 Ke4 54. Rd7 e5 55. Rd6 Kf5 56. g4+ hxg4 57. hxg4+ Kg5 58. Re6 Rf6 59. Rxe5+ Kxg4 60. Kd2 g5 61. Ke3 Kh4 62. Re8 g4 63. Rh8+ Kg3 64. Rg8 Re6+ 65. Kd3 Kf3 66. Rf8+ Kg2 67. Rg8 g3 68. Rg7 Kf2 69. Rf7+ Kg1 70. Rg7 g2 71. Kd2 Re5 72. Rg8 Kf2 73. Rf8+ Kg3 74. Ra8 g1=Q 75. Rg8+ Kf2 76. Rf8+ Kg2 77. Rg8+ Kf1 78. Rxg1+ Kxg1 79. Kd3 Kf2 80. Kd4 Re3 81. Kd5 Kf3 82. Kd4 Kf4 83. Kd5 Rd3+ 84. Kc4 Ke4 85. Kc5 Rc3+ 86. Kb4 Kd4 87. Kb5 Rb3+ 88. Kc6 Rb4 89. Kd6 Rb6+ 90. Kd7 Kd5 91. Kc7 Rb5 92. Kd7 Rb7+ 93. Kc8 Rh7 94. Kd8 Ke6 0-1

[Event "45th FIDE Womens Olympiad 2024"]
[Site "Budapest"]
[Date "2024.09.11"]
[Round "1.40"]
[White "Calzetta Ruiz, Monica"]
[Black "Mosweu, Atlang Amolemo"]
[Result "1-0"]
[ECO "B13"]
[WhiteElo "2199"]
[BlackElo "1797"]
[Annotator "ChessBase"]
[PlyCount "69"]
[EventDate "2024.09.05"]
[EventType "team-tourn"]
[EventCountry "HUN"]
[SourceTitle "playchess.com"]
[Source "ChessBase"]
[SourceQuality "1"]
[WhiteTeam "Spain"]
[BlackTeam "Botswana"]
[WhiteTeamCountry "ESP"]
[BlackTeamCountry "BOT"]
[TimeControl "40/5400+30:1800+30"]

1. e4 c6 2. d4 d5 3. exd5 cxd5 4. Bd3 Nf6 5. c3 Nc6 6. Bf4 e6 7. Nf3 Bd6 8. Bxd6 Qxd6 9. O-O O-O 10. Re1 b6 11. Nbd2 Bb7 12. Ne5 a5 13. Rc1 Ne7 14. Qf3 Ba6 15. Bb1 Rfc8 16. g4 Rf8 17. g5 Nd7 18. Qh3 g6 19. Re3 Nf5 20. Bxf5 exf5 21. Qh6 Rfe8 22. Nxd7 Qxd7 23. Rh3 f6 24. gxf6 Re6 25. Nf3 Rxf6 26. Re1 Rf7 27. Ne5 Qe7 28. Ree3 Rg7 29. Kh1 Qf6 30. Nf3 Bc8 31. Re8+ Kf7 32. Rh8 Bb7 33. Ne5+ Ke6 34. Rxh7 Rag8 35. Re3 1-0